[Event "Titled Tuesday Blitz December 7 2021"]
[White "Hasman, Cengiz"]
[Black "Maksimenko, Viktor"]
[WhiteFideId "413364"]
[BlackFideId "13710478"]
[WhiteElo "2020"]
[BlackElo "2269"]
[Result "0-1"]
[Round "02"]
[TimeControl "180+1"]
[Date "2021.12.07"]
[WhiteClock "0:00:57"]
[BlackClock "0:01:16"]

1. d4 Nf6 2. c4 e6 3. Bg5 h6 4. Bh4 Be7 5. Nc3 d5 6. cxd5 exd5 7. e3 c6 8. Bd3 O-O 9. Nge2 Re8 10. Qc2 a5 11. f3 c5 12. O-O Nc6 13. dxc5 Bxc5 14. Bf2 Bxe3 15. Bxe3 Rxe3 16. a3 Re8 17. Rad1 Be6 18. Nf4 Rc8 19. Bb5 d4 20. Kh1 Qb6 21. Nxe6 Rxe6 22. Bc4 dxc3 23. Bxe6 fxe6 24. Qxc3 Nd5 25. Qe1 Nce7 26. Rd2 Nf5 27. Qe5 Qe3 28. Qxe3 Nfxe3 29. Re1 Kf7 30. Kg1 a4 31. Kf2 Nc4 32. Rc2 Rc6 33. g3 g5 34. Rec1 b5 35. Rb1 Rd6 36. Rd1 Nce3 0-1


[Site "https://www.chess.com"]

[Event "Titled Tuesday Blitz December 7 2021"]
[White "Hjartarson, Johann"]
[Black "Vidit, Santosh Gujrathi"]
[WhiteFideId "2300044"]
[BlackFideId "5029465"]
[WhiteElo "2502"]
[BlackElo "2628"]
[Result "0-1"]
[Round "02"]
[TimeControl "180+1"]
[Date "2021.12.07"]
[WhiteClock "0:00:07"]
[BlackClock "0:00:09"]

1. e4 c5 2. Ne2 d6 3. g3 Nc6 4. Bg2 Nf6 5. c3 e5 6. d4 cxd4 7. cxd4 Bg4 8. f3 Bd7 9. Nbc3 Be7 10. Be3 O-O 11. Qd2 a6 12. O-O b5 13. d5 Na5 14. b3 Qb8 15. Rfc1 Bd8 16. Nd1 Bb6 17. Kh1 h6 18. Rc2 Rc8 19. Rxc8+ Bxc8 20. Rc1 Bd7 21. Nb2 Qa7 22. Bxb6 Qxb6 23. Nd3 Nb7 24. f4 Re8 25. fxe5 dxe5 26. h3 a5 27. a3 Nd6 28. Nc5 Bc8 29. Qe3 b4 30. axb4 axb4 31. Qd3 Re7 32. Na4 Qb8 33. Qe3 Rc7 34. Rf1 Ba6 35. Rf2 Rc2 36. Nc5 Qb6 37. Rxf6 gxf6 38. Qxh6 Qxc5 0-1


[Site "https://www.chess.com"]

[Event "Titled Tuesday Blitz December 7 2021"]
[White "Holt, Conrad"]
[Black "Koellner, Ruben Gideon"]
[WhiteFideId "2034387"]
[BlackFideId "12993093"]
[WhiteElo "2586"]
[BlackElo "2553"]
[Result "1-0"]
[Round "02"]
[TimeControl "180+1"]
[Date "2021.12.07"]
[WhiteClock "0:00:34"]
[BlackClock "0:00:05"]

1. d4 d6 2. Nf3 Nf6 3. c4 g6 4. Nc3 Bf5 5. Nd2 Bd7 6. e3 Bg7 7. Bd3 O-O 8. O-O e5 9. a3 exd4 10. exd4 Nc6 11. Nb3 Re8 12. Bg5 h6 13. Bh4 g5 14. Bg3 Bg4 15. Qd2 Nh5 16. Be2 Qd7 17. Bxg4 Qxg4 18. h3 Qf5 19. Nd5 Rac8 20. Bh2 Nf6 21. Ne3 Qg6 22. d5 Ne5 23. Nd4 Ne4 24. Qd1 Nc5 25. Nef5 Nxc4 26. b4 Nd7 27. Rc1 Nce5 28. f4 gxf4 29. Bxf4 Nb6 30. Rc3 Nxd5 31. Rg3 Nxf4 32. Rxf4 Qxg3 33. Nxg3 Ng6 34. Re4 c5 35. Rxe8+ Rxe8 36. Ndf5 Bf8 37. Nxd6 Re5 38. bxc5 Rxc5 39. Nge4 Ra5 40. Qb3 b6 41. Qxf7+ Kh8 42. Nf6 Bxd6 43. Qh7# 1-0


[Site "https://www.chess.com"]

[Event "Titled Tuesday Blitz December 7 2021"]
[White "Horvath, Dominik"]
[Black "Walter, Szymon"]
[WhiteFideId "1642561"]
[BlackFideId "1172590"]
[WhiteElo "2336"]
[BlackElo "2227"]
[Result "1/2-1/2"]
[Round "02"]
[TimeControl "180+1"]
[Date "2021.12.07"]
[WhiteClock "0:00:08"]
[BlackClock "0:00:19"]

1. d4 d6 2. e4 Nf6 3. Nc3 e5 4. Nf3 Nbd7 5. Bc4 Be7 6. O-O O-O 7. Re1 c6 8. a4 a5 9. h3 b6 10. b3 Ba6 11. Bxa6 Rxa6 12. d5 c5 13. Nd2 Ne8 14. Nc4 g6 15. Bh6 Ng7 16. Nb5 Nf6 17. Qd3 Nfh5 18. Nc3 Ra8 19. Rf1 Nf4 20. Qe3 Bg5 21. Bxg5 Qxg5 22. Qg3 Qe7 23. Nxb6 Ra6 24. Nc4 f5 25. Qe3 Qg5 26. Qg3 Qe7 27. Kh2 h5 28. Qe3 g5 29. g3 Ng6 30. Qe2 g4 31. Ne3 Ra7 32. Nxf5 Nxf5 33. exf5 Rxf5 34. hxg4 hxg4 35. Qxg4 Qh7+ 36. Kg1 Rh5 37. Ne4 Rf7 38. f3 Qh6 39. Rad1 Rh1+ 40. Kf2 Rh2+ 41. Kg1 Rh1+ 42. Kf2 Rh2+ 43. Kg1 Rh1+ 1/2-1/2


[Site "https://www.chess.com"]

[Event "Titled Tuesday Blitz December 7 2021"]
[White "Ibrahimli, Murad"]
[Black "Potapova, Margarita"]
[WhiteFideId "13410229"]
[BlackFideId "14126869"]
[WhiteElo "2109"]
[BlackElo "2209"]
[Result "1-0"]
[Round "02"]
[TimeControl "180+1"]
[Date "2021.12.07"]
[WhiteClock "0:00:32"]
[BlackClock "0:00:22"]

1. Nf3 Nf6 2. c4 e6 3. Nc3 d5 4. d4 dxc4 5. e3 a6 6. a4 c5 7. Bxc4 Nc6 8. O-O Be7 9. dxc5 O-O 10. Qe2 Bxc5 11. Rd1 Qc7 12. h3 b6 13. e4 Bb7 14. e5 Nd7 15. Bf4 Rfd8 16. Ne4 Bf8 17. Rac1 Nc5 18. Nd6 Nxa4 19. Ng5 Rd7 20. Nxe6 fxe6 21. Bxe6+ Kh8 22. Bxd7 Qxd7 23. e6 Qe7 24. Nxb7 Qxb7 25. Rd7 Qc8 26. Rc7 Nd4 27. Qe4 Qd8 28. Rd7 Qf6 29. Qxd4 Qxe6 30. Qxa4 b5 31. Qd4 1-0


[Site "https://www.chess.com"]

[Event "Titled Tuesday Blitz December 7 2021"]
[White "Jaracz, Pawel"]
[Black "Rodchenkov, Sergey D."]
[WhiteFideId "1102222"]
[BlackFideId "4168712"]
[WhiteElo "2473"]
[BlackElo "2306"]
[Result "0-1"]
[Round "02"]
[TimeControl "180+1"]
[Date "2021.12.07"]
[WhiteClock "0:00:45"]
[BlackClock "0:00:17"]

1. d4 d5 2. c4 dxc4 3. e4 e5 4. Nf3 exd4 5. Bxc4 Nc6 6. O-O Be6 7. Bxe6 fxe6 8. Qb3 Qd7 9. Qxb7 Rb8 10. Qa6 Bd6 11. Nbd2 Nge7 12. b3 e5 13. Bb2 O-O 14. Rfc1 h6 15. a3 Rb6 16. Qc4+ Kh7 17. b4 a6 18. Ne1 Ng6 19. Nd3 Qg4 20. f3 Qg5 21. Nf1 Nh4 22. Ng3 Ne7 23. Qc2 Neg6 24. Rf1 Kh8 25. Bc1 Nf4 26. Bxf4 exf4 27. e5 fxg3 28. exd6 Rc6 29. Qe2 gxh2+ 30. Kxh2 Rxd6 31. f4 Qf6 32. g4 Ng6 33. Rf3 Re6 34. Qf2 Qh4+ 35. Qxh4 Nxh4 36. Rf2 Re3 37. Rd1 g5 38. f5 h5 39. gxh5 Rxf5 40. Rxf5 Nxf5 41. Kg2 g4 42. Nf4 Rxa3 43. Rc1 Ra2+ 44. Kg1 g3 45. Rxc7 Ne3 46. Rc8+ Kg7 47. Rc7+ Kh6 48. Rc6+ Kg5 49. Nd3 Ra1+ 50. Nc1 d3 51. Rc5+ Kg4 52. Rc4+ Kh3 0-1


[Site "https://www.chess.com"]

[Event "Titled Tuesday Blitz December 7 2021"]
[White "Kalajzic, Ivan"]
[Black "Shahade, Gregory"]
[WhiteFideId "14506378"]
[BlackFideId "2009064"]
[WhiteElo "2163"]
[BlackElo "2677"]
[Result "0-1"]
[Round "02"]
[TimeControl "180+1"]
[Date "2021.12.07"]
[WhiteClock "0:01:03"]
[BlackClock "0:00:24"]

1. b3 d5 2. Bb2 Bg4 3. f3 Bh5 4. e4 dxe4 5. Qe2 c6 6. Nc3 Nf6 7. O-O-O e6 8. Nxe4 Be7 9. g4 Bg6 10. h3 Nbd7 11. Bg2 Qa5 12. Kb1 O-O-O 13. f4 Nxe4 14. Bxe4 Bxe4 15. Qxe4 Bf6 16. d4 Nb6 17. Nf3 Qd5 18. Qe2 h5 19. c4 Qa5 20. g5 Be7 21. Ne5 Rdf8 22. g6 f6 23. Nf7 Qf5+ 24. Ka1 Rhg8 25. Rhe1 Qxg6 26. Qxe6+ Nd7 27. Qxe7 Qxf7 28. d5 cxd5 29. Rxd5 Qxe7 30. Rxe7 Nb8 31. Rc5+ Nc6 32. Ba3 Re8 33. Rd5 Nxe7 34. Bxe7 Rxe7 35. Rxh5 g5 36. f5 Re5 37. Kb2 Rxf5 38. Kc3 Rf3+ 39. Kb4 Rf4 40. Rh6 f5 41. Kc5 g4 42. h4 g3 43. Kd6 g2 0-1


[Site "https://www.chess.com"]

[Event "Titled Tuesday Blitz December 7 2021"]
[White "Kamsky, Gata"]
[Black "Reprintsev, Alexander"]
[WhiteFideId "2000024"]
[BlackFideId "14100541"]
[WhiteElo "2645"]
[BlackElo "2126"]
[Result "1-0"]
[Round "02"]
[TimeControl "180+1"]
[Date "2021.12.07"]
[WhiteClock "0:00:14"]
[BlackClock "0:00:29"]

1. e4 d5 2. exd5 Qxd5 3. Nc3 Qa5 4. Bc4 Nf6 5. Nge2 e5 6. O-O Nc6 7. d4 Bg4 8. dxe5 Nxe5 9. Bb5+ c6 10. Qd4 Nfd7 11. Bd3 Bc5 12. Qf4 Nxd3 13. Qxg4 Nxc1 14. Qe4+ Kf8 15. Raxc1 Re8 16. Qf4 Nf6 17. Rcd1 Qb4 18. b3 Qxf4 19. Nxf4 Bb4 20. Na4 b5 21. Nd3 Ba3 22. Nac5 g6 23. Rfe1 Kg7 24. c4 bxc4 25. bxc4 Rxe1+ 26. Rxe1 Rd8 27. h3 Rd4 28. Re3 Bxc5 29. Nxc5 Rxc4 30. Nb3 Nd5 31. Re2 Nf4 32. Rd2 c5 33. h4 Ne6 34. g3 Rc1+ 35. Nxc1 1-0


[Site "https://www.chess.com"]

[Event "Titled Tuesday Blitz December 7 2021"]
[White "Kepeshchuk, Mykhaylo"]
[Black "Diaz Camallonga, Carles"]
[WhiteFideId "14113139"]
[BlackFideId "22235256"]
[WhiteElo "2279"]
[BlackElo "2438"]
[Result "0-1"]
[Round "02"]
[TimeControl "180+1"]
[Date "2021.12.07"]
[WhiteClock "0:00:14"]
[BlackClock "0:00:08"]

1. d4 e6 2. c4 Nf6 3. g3 Bb4+ 4. Nd2 O-O 5. Bg2 Re8 6. Nf3 d6 7. O-O e5 8. a3 Bxd2 9. Bxd2 e4 10. Ne1 h6 11. b4 Bf5 12. Nc2 Qd7 13. d5 Bh3 14. Bc3 Bxg2 15. Kxg2 Ng4 16. Qd4 f5 17. a4 Qe7 18. h3 Ne5 19. f4 exf3+ 20. exf3 Nbd7 21. Rae1 Qf7 22. f4 Ng6 23. Re3 Nf6 24. Rfe1 Ne4 25. Qd3 Nf8 26. Nd4 g6 27. Ba1 Kh7 28. g4 Re7 29. gxf5 gxf5 30. Nxf5 Qxf5 31. Rxe4 Rxe4 32. Rxe4 Ng6 33. Kh2 Rf8 34. Qe3 Rf7 35. Re8 Qc2+ 36. Kg3 Qxc4 37. Qc3 Qxc3+ 38. Kg2 Qc2+ 0-1


[Site "https://www.chess.com"]

[Event "Titled Tuesday Blitz December 7 2021"]
[White "Khanin, Semen"]
[Black "Yang, Kaiqi"]
[WhiteFideId "4111990"]
[BlackFideId "8604398"]
[WhiteElo "2442"]
[BlackElo "2373"]
[Result "0-1"]
[Round "02"]
[TimeControl "180+1"]
[Date "2021.12.07"]
[WhiteClock "0:00:07"]
[BlackClock "0:00:20"]

1. e4 c5 2. Nf3 Nf6 3. Nc3 d5 4. exd5 Nxd5 5. Bb5+ Bd7 6. Ne5 Nf6 7. a4 e6 8. Qf3 Qc8 9. d3 Be7 10. g4 a6 11. Bc4 Nc6 12. Nxd7 Nxd7 13. Be3 Nde5 14. Qe4 Nxc4 15. Qxc4 O-O 16. g5 Rd8 17. Ne4 b5 18. Qa2 c4 19. axb5 Nb4 20. Qa4 cxd3 21. cxd3 Nc2+ 22. Ke2 Nxa1 23. Rxa1 axb5 24. Qxa8 Qxa8 25. Rxa8 Rxa8 26. Kd2 Rc8 27. Bf4 f6 28. h4 e5 29. Be3 Kf7 30. Nc3 Bb4 31. Kc2 Ke6 32. Kb3 Bxc3 33. bxc3 Kd5 34. Kb4 Rb8 35. gxf6 gxf6 36. h5 f5 37. f3 Kc6 38. Bg5 Rg8 39. Bf6 Rg3 40. Bxe5 Rxf3 41. d4 Rh3 42. c4 bxc4 43. Kxc4 Rxh5 44. d5+ Kd7 45. Kd4 Rh4+ 46. Kc5 Re4 47. Bb8 h5 48. d6 h4 49. Kd5 h3 0-1


[Site "https://www.chess.com"]

[Event "Titled Tuesday Blitz December 7 2021"]
[White "Khoroshev, Nikita"]
[Black "Mickiewicz, Piotr"]
[WhiteFideId "14200287"]
[BlackFideId "1114891"]
[WhiteElo "2354"]
[BlackElo "2266"]
[Result "1-0"]
[Round "02"]
[TimeControl "180+1"]
[Date "2021.12.07"]
[WhiteClock "0:00:55"]
[BlackClock "0:00:06"]

1. e4 c5 2. c3 e6 3. Nf3 d5 4. exd5 exd5 5. Bb5+ Nc6 6. O-O Bd6 7. Re1+ Ne7 8. d4 cxd4 9. Nxd4 O-O 10. Bg5 Qc7 11. h3 Ng6 12. Be3 Nce5 13. Nd2 a6 14. Bf1 Bd7 15. Qh5 f5 16. f4 Nc4 17. Nxc4 dxc4 18. g3 Rae8 19. Bf2 Qc8 20. Qf3 Ne7 21. Rad1 Qc7 22. Qe2 Qc8 23. Qxc4+ Kh8 24. Nf3 Bb8 25. Qxc8 Bxc8 26. Bc5 Rg8 27. Bxe7 1-0


[Site "https://www.chess.com"]

[Event "Titled Tuesday Blitz December 7 2021"]
[White "Kim, Sergey"]
[Black "Andreikin, Dmitry"]
[WhiteFideId "13700570"]
[BlackFideId "4158814"]
[WhiteElo "2609"]
[BlackElo "2736"]
[Result "0-1"]
[Round "02"]
[TimeControl "180+1"]
[Date "2021.12.07"]
[WhiteClock "0:00:09"]
[BlackClock "0:01:32"]

1. d4 d5 2. c4 e6 3. Nc3 Be7 4. Nf3 Nf6 5. Bf4 O-O 6. e3 Nbd7 7. c5 Ne4 8. Rc1 c6 9. Bd3 f5 10. h4 Bf6 11. h5 Qe8 12. b4 e5 13. dxe5 Nxc3 14. Rxc3 Nxe5 15. Rc2 a5 16. b5 Nxd3+ 17. Qxd3 cxb5 18. Nd4 b4 19. Nb5 Qe4 20. Qxe4 dxe4 21. Nc7 Bd7 22. Nxa8 Rxa8 23. f3 a4 24. Kf2 Be6 25. Rb1 b3 26. axb3 axb3 27. Rd2 Ra2 0-1


[Site "https://www.chess.com"]

[Event "Titled Tuesday Blitz December 7 2021"]
[White "King, Alexander"]
[Black "Ivanchuk, Vasyl"]
[WhiteFideId "2063620"]
[BlackFideId "14100010"]
[WhiteElo "2306"]
[BlackElo "2710"]
[Result "0-1"]
[Round "02"]
[TimeControl "180+1"]
[Date "2021.12.07"]
[WhiteClock "0:00:02"]
[BlackClock "0:00:56"]

1. d4 Nf6 2. c4 e6 3. Nc3 Bb4 4. e3 c5 5. Bd3 Nc6 6. Nf3 Bxc3+ 7. bxc3 d6 8. O-O e5 9. Nd2 O-O 10. Re1 h6 11. h3 Re8 12. d5 e4 13. dxc6 exd3 14. cxb7 Bxb7 15. Nf1 Nd7 16. Qxd3 Ne5 17. Qe2 Ba6 18. Nd2 Qa5 19. Bb2 Rab8 20. Nb3 Qa4 21. Qd1 Bxc4 22. Qxd6 Nd3 23. Reb1 Red8 24. Qg3 Nxb2 25. Rxb2 Rxb3 26. Rxb3 Bxb3 27. Qc7 Re8 28. Qxc5 Be6 0-1


[Site "https://www.chess.com"]

[Event "Titled Tuesday Blitz December 7 2021"]
[White "Koutlas, Nikolaos"]
[Black "Azadaliyev, Jahandar"]
[WhiteFideId "25827138"]
[BlackFideId "13425811"]
[WhiteElo "1525"]
[BlackElo "1795"]
[Result "0-1"]
[Round "02"]
[TimeControl "180+1"]
[Date "2021.12.07"]
[WhiteClock "0:00:07"]
[BlackClock "0:00:07"]

1. e4 c6 2. Nf3 d5 3. Nc3 Bg4 4. h3 Bxf3 5. gxf3 e6 6. d3 Nd7 7. Bf4 Ne7 8. Qd2 Ng6 9. Bg3 Bb4 10. a3 Qa5 11. Rb1 Be7 12. h4 h5 13. Be2 Bf6 14. Bd6 O-O-O 15. Bg3 Nc5 16. Kf1 d4 17. b4 dxc3 18. Qc1 Nxd3 19. Bxd3 Qb6 20. a4 Be5 21. f4 Bc7 22. a5 Qd4 23. b5 c5 24. b6 axb6 25. axb6 Bb8 26. Kg2 Qd6 27. Kf3 e5 28. f5 Ne7 29. Rd1 Nc6 30. Qa3 Nd4+ 31. Kg2 g6 32. f6 Qc6 33. f3 Rd7 34. Qa2 Re8 35. Bc4 Qxf6 36. Bd5 Qxf3+ 37. Kh2 Ne2 38. Rg1 Nxg1 39. Rxg1 Rd6 40. Qc4 Qe3 41. Rg2 Qd4 42. Qb5 Re7 43. Bf2 Qd2 44. Bxc5 Rxd5 45. Rxd2 Rxd2+ 46. Kg3 Red7 47. Bb4 Bd6 48. Qc4+ Kb8 49. Bxd6+ R2xd6 50. Qc5 f6 51. Qxc3 Rc6 52. Qb3 Rd8 53. Qf7 Rxb6 54. Qxg6 Rbd6 55. Qxh5 Rc8 56. Qe2 Rdc6 57. c4 Rxc4 58. Qf2 Rc3+ 59. Kg4 R3c4 60. Kf5 Rh8 61. Qg3 Rh5+ 62. Kxf6 Rxe4 63. Ke6 Rf4 64. Qg8+ Ka7 65. Kd6 Rh6+ 66. Kc5 b6+ 67. Kb5 Rd6 68. Qa2+ Kb8 69. Qg8+ Kc7 70. Qg2 Rdd4 71. Qg7+ Kd8 72. Qxe5 Rc4 73. Kxb6 Rb4+ 74. Kc5 Rfc4+ 75. Kd5 Rb5+ 76. Kxc4 Rxe5 77. Kd4 Rh5 78. Ke4 Rxh4+ 79. Kf5 Rh7 80. Kf6 Re7 0-1


[Site "https://www.chess.com"]

[Event "Titled Tuesday Blitz December 7 2021"]
[White "Kozionov, Kirill"]
[Black "Manukian, Artak"]
[WhiteFideId "24101729"]
[BlackFideId "13301373"]
[WhiteElo "2426"]
[BlackElo "2393"]
[Result "1/2-1/2"]
[Round "02"]
[TimeControl "180+1"]
[Date "2021.12.07"]
[WhiteClock "0:00:04"]
[BlackClock "0:01:10"]

1. b3 Nf6 2. Bb2 g6 3. Bxf6 exf6 4. c4 Bg7 5. Nc3 O-O 6. g3 f5 7. Rc1 h5 8. h4 c6 9. Bg2 d6 10. Nh3 Nd7 11. d4 Nf6 12. Nf4 Re8 13. e3 Bh6 14. O-O Ne4 15. b4 Bxf4 16. exf4 Nxc3 17. Rxc3 Bd7 18. a4 Qb6 19. b5 Qa5 20. Qb3 Re2 21. Re3 Re8 22. Rxe8+ Rxe8 23. Bf3 Re1 24. bxc6 Rxf1+ 25. Kxf1 Bxc6 26. Bxc6 bxc6 27. Qb8+ Kg7 28. Qxd6 Qxa4 29. Qe5+ Kg8 30. Qe8+ Kg7 31. Qe5+ Kg8 32. Qc5 a5 33. d5 cxd5 34. cxd5 Qb4 35. Qc6 Qb1+ 36. Kg2 Qe4+ 37. Kg1 Qe1+ 38. Kg2 Qe4+ 39. Kf1 Qb1+ 40. Ke2 Qe4+ 41. Kd2 Qd4+ 42. Ke1 Qe4+ 43. Kd2 Qd4+ 44. Ke2 Qe4+ 45. Kf1 Qh1+ 46. Ke2 Qe4+ 1/2-1/2


[Site "https://www.chess.com"]

[Event "Titled Tuesday Blitz December 7 2021"]
[White "Leitao, Rafael"]
[Black "Dolzhykova, Kateryna"]
[WhiteFideId "2101246"]
[BlackFideId "14113414"]
[WhiteElo "2609"]
[BlackElo "2094"]
[Result "1-0"]
[Round "02"]
[TimeControl "180+1"]
[Date "2021.12.07"]
[WhiteClock "0:00:46"]
[BlackClock "0:00:04"]

1. c4 e5 2. Nc3 d6 3. g3 g6 4. Bg2 Bg7 5. Nf3 Ne7 6. d4 Nd7 7. e4 O-O 8. O-O f5 9. dxe5 Nxe5 10. Nxe5 Bxe5 11. Bh6 Re8 12. Re1 c6 13. c5 Be6 14. f4 Bxc3 15. bxc3 dxc5 16. Qc1 fxe4 17. Bxe4 Bf5 18. Bg2 Nd5 19. Qb2 Ne3 20. Qxb7 Re7 21. Qxc6 Rc8 22. Qf6 Qc7 23. Rxe3 Rxe3 24. Bd5+ Re6 25. Bxe6+ Bxe6 26. Qxe6+ Kh8 27. Qf6+ Kg8 28. Re1 Rd8 29. Qe6+ Kh8 30. Qe8+ 1-0


[Site "https://www.chess.com"]

[Event "Titled Tuesday Blitz December 7 2021"]
[White "Madaminov, Mukhiddin"]
[Black "Karas, Marek"]
[WhiteFideId "14210703"]
[BlackFideId "14928558"]
[WhiteElo "1916"]
[BlackElo "2270"]
[Result "1/2-1/2"]
[Round "02"]
[TimeControl "180+1"]
[Date "2021.12.07"]
[WhiteClock "0:00:11"]
[BlackClock "0:00:09"]

1. d4 Nf6 2. Nc3 e6 3. e4 d5 4. Bg5 Be7 5. e5 Nfd7 6. Bxe7 Qxe7 7. f4 O-O 8. Nf3 c5 9. Nb5 Nc6 10. c3 f6 11. Bd3 a6 12. Nd6 cxd4 13. cxd4 fxe5 14. fxe5 Rxf3 15. Qxf3 Nxd4 16. Qh3 h6 17. Qh5 Nc6 18. Qg6 Nf8 19. Qg3 Qg5 20. Qxg5 hxg5 21. Kd2 Nxe5 22. Rac1 Nc6 23. h4 g4 24. Be2 e5 25. Nxc8 Rxc8 26. Bxg4 Rc7 27. Rhe1 e4 28. Rc5 Nd7 29. Rxd5 Nf6 30. Be6+ Kh7 31. Rc5 Re7 32. Bd5 Re5 33. Bxc6 Rxc5 34. Bxb7 Rb5 35. Bxe4+ Nxe4+ 36. Rxe4 Rxb2+ 37. Ke3 Rxa2 38. g3 a5 39. Re5 a4 40. Ra5 a3 41. Kf4 Ra1 42. g4 a2 43. Kg5 Rb1 44. Rxa2 Rb5+ 45. Kf4 Rb4+ 46. Kg3 Rb3+ 47. Kh2 Rc3 48. Rf2 Rb3 49. Kg2 Rc3 50. Rf3 Rc2+ 51. Kg3 Rc1 52. Re3 Rc4 53. Kf3 Ra4 54. Re4 Ra3+ 55. Kf4 Ra1 56. h5 Ra5 57. Re5 Ra4+ 58. Kf5 Ra1 59. Kg5 Ra6 60. Re7 Ra5+ 61. Kh4 Ra4 62. Rf7 Ra1 63. Kg5 Ra5+ 64. Rf5 Ra1 65. Re5 Rb1 66. Kf5 Rf1+ 67. Ke6 Rh1 68. Kf7 Rf1+ 69. Rf5 Rg1 70. g5 Ra1 71. Re5 Rf1+ 72. Ke6 Rh1 73. Kf7 Rf1+ 74. Ke6 Rh1 75. g6+ Kh6 76. Kf7 Rf1+ 77. Kg8 Ra1 78. Re8 Ra7 79. Re5 Rb7 80. Kf8 Ra7 81. Re7 Ra8+ 82. Kf7 Ra5 83. Rd7 Rf5+ 84. Ke8 Rxh5 85. Rf7 Re5+ 86. Kf8 Kxg6 87. Rxg7+ Kf6 88. Rg1 Ke6 89. Rf1 Kd5 90. Kf7 Ke4 91. Kf6 Rb5 92. Re1+ Kd4 93. Ke6 Kc4 94. Rd1 Kb4 95. Kd6 Ka5 96. Kc6 Rb6+ 97. Kc5 Rb5+ 98. Kc4 Rb4+ 99. Kc3 Rb5 100. Rd8 Kb6 101. Kc4 Rc5+ 102. Kd4 Rc7 103. Kd5 Kb7 104. Kd6 Rc6+ 105. Kd5 Rc7 106. Rh8 Rd7+ 107. Kc5 Rc7+ 108. Kb5 Rg7 1/2-1/2


[Site "https://www.chess.com"]

[Event "Titled Tuesday Blitz December 7 2021"]
[White "Majdan, Joanna"]
[Black "Ozen, Bahadir"]
[WhiteFideId "1121979"]
[BlackFideId "6337058"]
[WhiteElo "2270"]
[BlackElo "2503"]
[Result "0-1"]
[Round "02"]
[TimeControl "180+1"]
[Date "2021.12.07"]
[WhiteClock "0:00:44"]
[BlackClock "0:01:16"]

1. e4 c6 2. d4 d5 3. Nc3 dxe4 4. Nxe4 Bf5 5. Ng3 Bg6 6. h4 h6 7. h5 Bh7 8. Nf3 Nd7 9. Bd3 Bxd3 10. Qxd3 e6 11. Bd2 Be7 12. O-O-O Ngf6 13. Ne4 Nxe4 14. Qxe4 Nf6 15. Qd3 Qd5 16. c4 Qe4 17. Qb3 b5 18. Rhe1 Qf5 19. Re5 Qh7 20. cxb5 O-O 21. Rg1 cxb5 22. g4 Rac8+ 23. Bc3 b4 24. g5 bxc3 25. bxc3 hxg5 26. Rexg5 Qd3 27. Rxg7+ Kh8 28. Kb2 Rb8 0-1


[Site "https://www.chess.com"]

[Event "Titled Tuesday Blitz December 7 2021"]
[White "Makarian, Rudik"]
[Black "Sokolin, Leonid"]
[WhiteFideId "44105681"]
[BlackFideId "2009161"]
[WhiteElo "2486"]
[BlackElo "2394"]
[Result "1-0"]
[Round "02"]
[TimeControl "180+1"]
[Date "2021.12.07"]
[WhiteClock "0:00:38"]
[BlackClock "0:00:03"]

1. d4 Nf6 2. c4 e6 3. Nf3 d5 4. Nc3 c5 5. cxd5 cxd4 6. Qa4+ Bd7 7. Qxd4 exd5 8. Bg5 Nc6 9. Qd2 Be6 10. e3 h6 11. Bh4 g5 12. Bg3 Bb4 13. Bd3 Ne4 14. Qc2 Nxg3 15. hxg3 Qf6 16. O-O Rc8 17. a3 Ba5 18. Rac1 O-O 19. Qe2 a6 20. Bb1 Rfd8 21. Rfd1 Ne5 22. Nxe5 Qxe5 23. Qd3 Qg7 24. Ne2 Rxc1 25. Rxc1 Qxb2 26. Rc5 Qd2 27. Qh7+ Kf8 28. Nd4 Qe1+ 29. Kh2 Qxf2 30. Nxe6+ fxe6 31. Rxa5 Qf6 32. Rc5 Qg7 33. Qxg7+ Kxg7 34. Rc7+ Kf6 35. Rxb7 Rc8 36. a4 Rc1 37. Rb6 a5 38. Rb5 Rc3 39. e4 1-0


[Site "https://www.chess.com"]

[Event "Titled Tuesday Blitz December 7 2021"]
[White "Manafov, Vugar"]
[Black "Ianov, Viktor"]
[WhiteFideId "13410814"]
[BlackFideId "14102730"]
[WhiteElo "2277"]
[BlackElo "2307"]
[Result "1-0"]
[Round "02"]
[TimeControl "180+1"]
[Date "2021.12.07"]
[WhiteClock "0:01:19"]
[BlackClock "0:01:54"]

1. d4 d6 2. c4 g6 3. Nf3 Bg7 4. g3 Nf6 5. Bg2 O-O 6. O-O c6 7. Nc3 Bf5 8. Nh4 Be6 9. d5 cxd5 10. cxd5 Bd7 11. Be3 Na6 12. Bd4 Qa5 13. Re1 Rfc8 14. e4 Nc5 15. a3 Qd8 16. b4 Na6 17. Rc1 Nc7 18. Qd3 a6 19. a4 b5 20. a5 Rab8 21. f4 Ng4 22. Bxg7 Kxg7 23. h3 Nf6 24. e5 Nfe8 25. Ne4 Kg8 26. Ng5 Ng7 27. e6 fxe6 28. Nxg6 hxg6 29. Qxg6 Qe8 30. Qh7+ Kf8 31. Qh8# 1-0


[Site "https://www.chess.com"]

[Event "Titled Tuesday Blitz December 7 2021"]
[White "Marcziter, Dmitrii"]
[Black "Korchmar, Vasiliy"]
[WhiteFideId "13900765"]
[BlackFideId "24131750"]
[WhiteElo "2155"]
[BlackElo "2370"]
[Result "0-1"]
[Round "02"]
[TimeControl "180+1"]
[Date "2021.12.07"]
[WhiteClock "0:01:08"]
[BlackClock "0:00:14"]

1. d4 d5 2. c4 c6 3. Nf3 Nf6 4. Nc3 a6 5. c5 Bf5 6. Bf4 Nbd7 7. h3 e6 8. e3 Be7 9. Bd3 O-O 10. Qc2 Bxd3 11. Qxd3 Qc8 12. O-O Bd8 13. Bd6 Re8 14. e4 dxe4 15. Nxe4 Nxe4 16. Qxe4 Bc7 17. Bxc7 Qxc7 18. Ne5 Nxe5 19. dxe5 Rad8 20. Rfd1 Rd5 21. f4 Rxc5 22. Rd6 Rd5 23. Rd1 Qb6+ 24. Kh2 Qxb2 25. R1xd5 cxd5 26. Qa4 Rf8 27. Rd7 h5 28. Qb3 Qf2 29. Qg3 Qxg3+ 30. Kxg3 Rb8 31. Kh4 g6 32. Kg5 Kg7 33. g4 hxg4 34. hxg4 Rh8 35. Rxb7 Rh2 36. a4 Ra2 37. Rb4 a5 38. Rd4 Rc2 39. f5 gxf5 40. gxf5 Rg2+ 41. Kf4 Rf2+ 42. Kg4 Rxf5 43. Rd3 Rxe5 44. Kf3 Re4 45. Ra3 Kf6 46. Ra2 Ke5 47. Ra3 f5 48. Kg3 Rb4 49. Ra1 f4+ 50. Kf3 Kf5 51. Ra2 e5 52. Rh2 e4+ 53. Ke2 Rb2+ 54. Kd1 Rxh2 0-1


[Site "https://www.chess.com"]

[Event "Titled Tuesday Blitz December 7 2021"]
[White "Martin, Lewis"]
[Black "Solovchuk, Oleksiy"]
[WhiteFideId "410551"]
[BlackFideId "14115220"]
[WhiteElo "2145"]
[BlackElo "2295"]
[Result "0-1"]
[Round "02"]
[TimeControl "180+1"]
[Date "2021.12.07"]
[WhiteClock "0:00:05"]
[BlackClock "0:00:15"]

1. e4 c5 2. Nf3 Nc6 3. d4 cxd4 4. Nxd4 e5 5. Nb5 Nf6 6. N1c3 d6 7. Bg5 a6 8. Na3 b5 9. Bxf6 Qxf6 10. Nd5 Qd8 11. g3 Ne7 12. Bg2 Nxd5 13. Qxd5 Ra7 14. O-O Rc7 15. c3 Bb7 16. Qd3 h5 17. Nc2 h4 18. Ne3 hxg3 19. hxg3 Qg5 20. Rfd1 g6 21. a4 bxa4 22. Rxa4 Qh6 23. Nd5 Bxd5 24. Qxd5 Be7 25. Rxa6 O-O 26. Rda1 Rc5 27. Qd3 Rfc8 28. Ra8 Rxa8 29. Rxa8+ Kg7 30. Ra1 Qh8 31. b4 Rc7 32. c4 Qb8 33. b5 Ra7 34. Rxa7 Qxa7 35. Qd5 Qb8 36. Qc6 Bd8 37. Bh3 Bb6 38. Kg2 Bc5 39. Qd7 Kf6 40. f4 exf4 41. gxf4 Qa8 42. Kf3 Qa3+ 43. Kg4 Kg7 44. f5 Qe3 45. Bg2 Qg1 46. Kh3 g5 47. f6+ Kg6 48. Qg4 Qe3+ 49. Bf3 Bd4 50. Qf5+ Kh6 51. Kg4 Be5 52. b6 Qg1+ 53. Kh3 Qg3# 0-1


[Site "https://www.chess.com"]

[Event "Titled Tuesday Blitz December 7 2021"]
[White "Matinian, Nikita"]
[Black "Fromm, Marius"]
[WhiteFideId "24129100"]
[BlackFideId "12993190"]
[WhiteElo "2422"]
[BlackElo "2515"]
[Result "1-0"]
[Round "02"]
[TimeControl "180+1"]
[Date "2021.12.07"]
[WhiteClock "0:00:25"]
[BlackClock "0:00:01"]

1. e4 c5 2. Nf3 d6 3. d4 cxd4 4. Nxd4 Nf6 5. Nc3 a6 6. h3 e5 7. Nde2 h5 8. Nd5 Nxd5 9. Qxd5 Nc6 10. Be3 Be6 11. Qd2 d5 12. exd5 Qxd5 13. Qxd5 Bxd5 14. Nc3 Be6 15. O-O-O Be7 16. Nd5 Bd8 17. c3 O-O 18. Be2 h4 19. Bc5 Re8 20. Rhe1 Rc8 21. Nb6 Bg5+ 22. Be3 Bxe3+ 23. fxe3 Rcd8 24. b3 e4 25. Na4 Ne5 26. Nc5 Bc8 27. Nxe4 Rxd1+ 28. Rxd1 Bd7 29. Nd6 Rb8 30. e4 f6 31. a4 Bc6 32. a5 Rd8 33. b4 Kf8 34. c4 Nf7 35. Nxf7 Rxd1+ 36. Kxd1 Kxf7 37. Bd3 Ke6 38. Ke2 Ke5 39. Ke3 g5 40. b5 axb5 41. cxb5 Bd7 42. a6 bxa6 43. bxa6 Bc6 44. a7 Ba8 45. Bc4 Bxe4 46. Be2 Bb7 47. Bf3 1-0


[Site "https://www.chess.com"]